 Dungeon Crawl Stone Soup version 0.30-a0-358-g0d69a19 (webtiles) character file.

Game seed: 774753063203004455

410 Dorkslayer the Covered (level 7, -1/53 HPs)
             Began as a Human Fighter on Nov 10, 2022.
             Slain by Ijyb
             ... wielding a +1 dagger of venom
              (5 damage)
             ... on level 5 of the Dungeon.
             The game lasted 00:08:33 (3469 turns).

Dorkslayer the Covered (Human Fighter)              Turns: 3469, Time: 00:08:33

Health: -1/53      AC: 10    Str: 16    XL:     7   Next: 13%
Magic:  7/7        EV:  6    Int: 15    God:
Gold:   356        SH:  5    Dex: 14    Spells: 6/6 levels left

rFire   . . .      SeeInvis +    x - +3 morningstar (holy)
rCold   . . .      Faith    .    c - +0 buckler
rNeg    . . .      Spirit   .    o - +0 chain mail
rPois   .          Reflect  .    (no helmet)
rElec   .          Harm     .    (no cloak)
rCorr   .          Rampage  .    (no gloves)
Will    .....                    s - +0 pair of boots
Stlth   ..........               e - amulet of the acrobat
HPRegen 0.28/turn                k - +6 ring of intelligence
MPRegen 0.10/turn                r - ring of see invisible

@: no status effects
A: no striking features
a: no special abilities


You were on level 5 of the Dungeon.
You visited 1 branch of the dungeon, and saw 5 of its levels.

You collected 356 gold pieces.

Inventory:

Hand Weapons
 a - a +0 long sword
 x - a +3 morningstar of holy wrath (weapon)
Missiles
 l - 9 poisoned darts
 w - a curare-tipped dart (quivered)
Armour
 c - a +0 buckler (worn)
 o - a +0 chain mail (worn)
 s - a +0 pair of boots (worn)
Jewellery
 e - an amulet of the acrobat (around neck)
 k - a +6 ring of intelligence (left hand)
 r - a ring of see invisible (right hand)
Wands
 t - a wand of flame (5)
Scrolls
 j - a scroll of magic mapping
 n - a scroll of amnesia {unknown}
 p - a scroll of blinking {unknown}
 q - a scroll of butterflies {unknown}
 v - a scroll of noise {unknown}
Potions
 d - a potion of might
 h - a potion of berserk rage
 i - 2 potions of mutation
 m - a potion of degeneration {unknown}
 u - a potion of heal wounds {unknown}


   Skills:
 * Level 3.9 Fighting
 + Level 4.1 Long Blades
 * Level 1.3 Maces & Flails
 * Level 0.8 Throwing
 + Level 4.4 Armour
 + Level 0.8 Dodging
 + Level 0.4 Stealth
 + Level 3.7 Shields
 * Level 1.3 Evocations


You had 6 spell levels left.
You didn't know any spells.
Your spell library contained the following spells:

 Spells                   Type           Power      Damage    Failure   Level
 Apportation              Tloc           0%         N/A       99%         1
 Freeze                   Ice            0%         1d3       99%         1
 Necrotise                Necr           0%         1d4       99%         1
 Summon Small Mammal      Summ           0%         N/A       99%         1
 Frozen Ramparts          Ice            0%         1d1       100%        3
 Hailstorm                Conj/Ice       0%         3d3       100%        3
 Summon Forest            Summ/Tloc      0%         N/A       100%        5
 Eringya's Noxious Bog    Tmut/Pois      0%         N/A       100%        6
 Summon Hydra             Summ           0%         N/A       100%        7


Dungeon Overview and Level Annotations

Branches:
Dungeon (5/15)             Temple (0/1) D:5

Altars:

Annotations:
D:5 Ijyb


Message History

Throw: 2 darts (curare)
Press: ? - help, Q - select action, (/) - cycle Shift-Dir - straight line, f - orc, p - troll
Aim: an orc, wielding a +0 whip and wearing a +0 leather armour (59% to hit)
You throw a curare-tipped dart.
The curare-tipped dart barely misses the orc.
The curare-tipped dart closely misses the orc.
An orc comes into view. It is wielding a +0 war axe.
The orc completely misses you.
Ijyb the Twisted Goblin comes into view.
She is wielding a +1 dagger of venom, wearing a +0 ring mail of fire resistance and carrying a wand of flame (21).
The orc barely misses you. The orc closely misses you.
Ijyb screams, "Me kill you!" The orc misses you.
The orc attacks as you move away! The orc closely misses you.
The orc attacks as you move away! You block the orc's attack.
The orc misses you. The orc attacks as you move away! The orc misses you.
The orc attacks as you move away! The orc hits you but does no damage.
Found 15 gold pieces.
The orc misses you.
You hit Ijyb.
Ijyb is lightly wounded.
Ijyb hits you with a +1 dagger of venom.
* * * LOW HITPOINT WARNING * * *
The orc hits you but does no damage. The orc barely misses you. x2
The orc attacks as you move away! The orc hits you with a +0 war axe.
* * * LOW HITPOINT WARNING * * *
The troll is no longer moving slowly.
Ijyb drinks a potion.
Ijyb goes berserk!
Found a cabochon ring.
Ijyb hits you with a +1 dagger of venom.
* * * LOW HITPOINT WARNING * * *
Ijyb closely misses you.
Okay, then.
You open the large door.
A wyvern comes into view.
The wyvern hisses angrily.
The orc closely misses you. You block Ijyb's attack.
Found a pair of gloves.
Ijyb attacks as you move away!
Ijyb hits you with a +1 dagger of venom.
You die...

,,,,**,,,,,...♣♣........#,,*
,,,,,*,,,....♣..♣.......#,,*
******,,,..........$....#,,*
*,,,..$............#,,***
**,,..............##,,,,*
*******,.........T...##,,,,,****
**,,,,,**=....(.o.o..##,*,,,,,,,,
,,,**,,,*#......Ogoo##,,,,******^
,,**,,,,,*#.....@oo##*,,,,*~~~~*,
*,,,,,,,,,####''####,,,,<,*~~~~*,
,,,,,,,,,,,.....,,,,,,,,,,*~~∩~*,
,*,,,,,,,.......,,,,,,,,,,+~~~~*,
,**,,,,,,.......,,,,,,,,,,*~~~~*,
,**,,,,,,...l...,,,,,,,,,,******,
,***,,,,,.[.....,,,,,,,,,,,,,,,,,
,***,,,,,.#.....,,,,,,,,,,,,,***,
,,**,*********,,,,,,,,,*****,* **


You could see a two-headed ogre, a troll (poisoned), a wyvern, Ijyb (berserk)
and 6 orcs.

Vanquished Creatures
  An ogre (D:5)
  A necrophage (D:4)
  A quasit (D:4)
  A hound (D:5)
  Jessica (D:3)
  An iguana (D:5)
  4 gnolls (D:3)
  2 adders
  A shadow imp (D:4)
  2 white imps (D:4)
  A worm (D:2)
  4 dart slugs
  3 orcs (D:4)
  6 bats
  2 endoplasms
  5 giant cockroaches
  5 goblins
  5 hobgoblins
  4 jackals (D:2)
  6 quokkas
  6 ball pythons
  4 frilled lizards
  3 kobolds
  3 rats
72 creatures vanquished.

Vanquished Creatures (others)
  4 demonic plants (D:4)
4 creatures vanquished.

Grand Total: 76 creatures vanquished

Notes
Turn   | Place    | Note
-------+----------+-------------------------------------------
     0 | D:1      | Dorkslayer the Human Fighter began the quest for the Orb.
     0 | D:1      | Reached XP level 1. HP: 18/18 MP: 1/1
   161 | D:1      | Reached XP level 2. HP: 16/24 MP: 2/2
   858 | D:1      | Reached XP level 3. HP: 29/29 MP: 3/3
  1481 | D:2      | Reached XP level 4. HP: 35/35 MP: 4/4
  2325 | D:3      | Noticed Jessica
  2331 | D:3      | Killed Jessica
  2419 | D:3      | Reached XP level 5. HP: 41/41 MP: 5/5
  2978 | D:4      | Reached XP level 6. HP: 48/48 MP: 6/6
  3429 | D:5      | Entered Level 5 of the Dungeon
  3429 | D:5      | Noticed an ogre
  3443 | D:5      | Reached skill level 1 in Evocations
  3452 | D:5      | Killed an ogre
  3453 | D:5      | Reached skill level 1 in Maces & Flails
  3453 | D:5      | Reached XP level 7. HP: 11/53 MP: 7/7
  3456 | D:5      | Noticed a troll
  3456 | D:5      | Noticed a two-headed ogre
  3461 | D:5      | Noticed Ijyb
  3468 | D:5      | Noticed a wyvern
  3469 | D:5      | Slain by Ijyb

Illustrated notes

Levels and vault maps discovered:
D:1:      co_arrival_square_in_a_square_in_a_square, layout_basic,
          minmay_tetromino_i2
D:2:      layout_loops_ring
D:3:      layout_loops_corners, nicolae_elevator_lobby_plus, uniq_jessica
D:4:      layout_loops_cross, serial_demonic, serial_demonic_c,
          serial_demonic_b, serial_demonic_b, serial_demonic_b, serial_demonic_c
D:5:      kennysheep_big_flooded_room, layout_rooms, zin_academy,
          temple_doors_e, portal_sewer_entry_c, uniq_ijyb

Skill      XL: |  1  2  3  4  5  6 |
---------------+-------------------+-----
Long Blades    | 3 4 |  4.1
Armour         | 4 |  4.4
Evocations     | 1 |  1.3
Maces & Flails | 1 |  1.3
Fighting       | |  3.9
Throwing       | |  0.8
Dodging        | |  0.8
Stealth        | |  0.4
Shields        | |  3.7

Action                   |  1- 3 |  4- 6 |  7- 9 || total
-------------------------+-------+-------+-------++-------
Melee: Long sword        |   108 |   127 |       ||   235
       Morningstar       |       |    17 |     1 ||    18
Throw: Dart              |       |     4 |     3 ||     7
  Use: Potion            |       |     5 |       ||     5
       Scroll            |       |     4 |     1 ||     5
Armor: Scale mail        |    51 |       |       ||    51
       Chain mail        |       |    83 |     2 ||    85
Dodge: Dodged            |    53 |    55 |    12 ||   120
Block: Buckler           |    33 |    42 |     2 ||    77

Table legend: (Time is in decaauts)
 A = Elapsed time spent in this place.
 B = Non-inter-level travel time spent in this place.
 C = Inter-level travel time spent in this place.
 D = Time resting spent in this place.
 E = Time spent auto-exploring this place.
 F = Levels seen in this place.
 G = Mean time per level.
                   A        B        C        D        E       F      G
               +--------+--------+--------+--------+--------+-----+--------+
         Total |   3544 |   3544 |      0 |     92 |   1876 |   5 |  708.8 |
       Dungeon |   3544 |   3544 |      0 |     92 |   1876 |   5 |  708.8 |
               +--------+--------+--------+--------+--------+-----+--------+

Top non-repeatable levels by time:
     D:3: 1070 daAuts
     D:1: 935 daAuts
     D:4: 761 daAuts
     D:2: 731 daAuts
     D:5: 46 daAuts
